AoeStats
← willrhyd

Arena

509953763Analyzed
4v4 RM · 3d ago on Sep 28, 2026· 41m 9s· 8 players
Game mode
Random Map
Map size
Large (8 player)
Population
200
Speed
Normal
Resources
Standard
Victory
Conquest
Starting age
Dark Age
Ending age
Imperial Age
RankedLock teamsTeams togetherTeam positionsShared explorationLock speedFull tech treeHidden civsTurbo modeCheats
Victory
Defeat
🇮🇳 Ethiopians · India
1424
+14
🇨🇱 Khmer · Chile
1398
+15
🇦🇷 Turks · Argentina
1398
+15
🇨🇳 Franks · China
1375
+16
🇫🇷 Persians · France
1424
-16
🇬🇧 Teutons · United Kingdom
1384
-15
🇪🇸 Varangians · Spain
1368
-15
🇹🇷 Shu · Türkiye
1360
-14
Serkan the Tank
11:16 Feudal Age
15:10 Castle Age
14:30 Double-Bit Axe
15:06 Town Watch
15:07 Loom
15:14 Town Watch
18:38 Fletching
21:24 Crossbowman
23:30 Bow Saw
23:54 Horse Collar
25:19 Thumb Ring
29:24 Heavy Plow
33:09 Forging
33:00 Scale Mail Armor
33:53 Wheelbarrow
38:20 Elite Skirmisher
chinsa_yama
10:37 Feudal Age
14:39 Castle Age
13:10 Double-Bit Axe
13:46 Horse Collar
15:27 Bow Saw
16:32 Loom
28:19 Imperial Age
25:56 Gold Mining
26:11 Heavy Plow
26:34 Husbandry
26:44 Bloodlines
27:00 Scale Barding Armor
27:25 Forging
27:57 Wheelbarrow
28:28 Chain Barding Armor
28:56 Hand Cart
29:33 Iron Casting
30:05 Gold Shaft Mining
30:43 Plate Barding Armor
29:48 Cavalier
31:08 Stone Mining
32:20 Blast Furnace
32:22 Two-Man Saw
32:09 Crop Rotation
32:09 Conscription
33:15 Elite War Elephant
35:33 Stone Shaft Mining
Grimbel
11:20 Feudal Age
11:58 Double-Bit Axe
13:27 Loom
16:06 Castle Age
14:04 Horse Collar
16:02 Gold Mining
17:24 Bow Saw
17:30 Fletching
24:10 Wheelbarrow
23:46 Bodkin Arrow
25:53 Hand Cart
25:24 Town Watch
26:00 Scale Barding Armor
26:06 Forging
26:08 Bloodlines
26:11 Husbandry
27:51 Chain Barding Armor
30:14 Iron Casting
30:06 Masonry
31:39 Heavy Plow
33:39 Ballistics
36:53 Imperial Age
38:42 Blast Furnace
38:18 Plate Barding Armor
37:06 Elite Jarl
38:46 Architecture
38:50 Conscription
39:22 Fortified Wall
40:13 Chemistry
38:51 Pikeman
39:32 Squires
willrhyd
2:20 Loom
11:49 Feudal Age
15:24 Castle Age
13:10 Horse Collar
13:20 Double-Bit Axe
16:04 Scale Barding Armor
16:19 Bow Saw
19:34 Wheelbarrow
19:49 Loom
23:08 Gold Mining
26:22 Imperial Age
24:32 Chain Barding Armor
25:21 Bloodlines
25:34 Forging
26:54 Iron Casting
26:25 Cavalier
28:20 Chemistry
28:09 Plate Barding Armor
31:36 Fletching
32:23 Hand Cart
34:00 Bodkin Arrow
35:09 Blast Furnace
34:05 Town Watch
34:48 Conscription
34:44 Paladin
happix
8:54 Feudal Age
11:55 Castle Age
10:09 Double-Bit Axe
11:43 Horse Collar
19:21 Bow Saw
20:31 Wheelbarrow
23:45 Gold Mining
24:31 Loom
24:35 Town Watch
25:56 Gold Shaft Mining
28:53 Imperial Age
27:12 Heavy Plow
27:48 Bloodlines
27:38 Husbandry
28:24 Scale Barding Armor
28:30 Forging
29:04 Hand Cart
30:22 Chain Barding Armor
30:16 Capped Ram
32:57 Elite Battle Elephant
34:16 Plate Barding Armor
34:17 Iron Casting
33:44 Tusk Swords
34:04 Conscription
33:08 Siege Ram
34:34 Pikeman
35:15 Scale Mail Armor
36:15 Blast Furnace
36:29 Chain Mail Armor
37:19 Halberdier
elchinaleikazo
10:32 Feudal Age
9:27 Loom
14:14 Castle Age
19:34 Town Watch
24:57 Imperial Age
22:47 Double-Bit Axe
27:42 Scale Barding Armor
33:17 Padded Archer Armor
34:37 Leather Archer Armor
Cheetah
8:17 Loom
10:57 Feudal Age
12:48 Double-Bit Axe
12:45 Horse Collar
15:16 Castle Age
16:08 Bow Saw
17:55 Wheelbarrow
17:41 Heavy Plow
24:55 Hand Cart
31:31 Imperial Age
30:01 Fletching
31:32 Scale Mail Armor
32:38 Crossbowman
33:24 Thumb Ring
33:15 Bodkin Arrow
33:46 Thumb Ring
34:12 Conscription
34:16 Bracer
33:50 Arbalester
34:29 Gold Mining
34:30 Stone Mining
36:08 Chemistry
35:12 Padded Archer Armor
37:24 Ballistics
37:12 Siege Engineers
38:51 Gold Shaft Mining
38:54 Stone Shaft Mining
39:24 Two-Man Saw
39:22 Leather Archer Armor
41:12 Ring Archer Armor
羊了个羊
11:52 Feudal Age
13:10 Double-Bit Axe
15:56 Castle Age
22:16 Loom
23:15 Bow Saw
26:40 Wheelbarrow
27:32 Wheelbarrow
29:59 Imperial Age
27:28 Gold Mining
27:30 Stone Mining
28:44 Gold Shaft Mining
29:11 Scale Barding Armor
29:17 Forging
29:24 Hand Cart
29:54 Husbandry
30:18 Chain Barding Armor
30:16 Cavalier
32:20 Plate Barding Armor
32:22 Iron Casting
32:41 Paladin
35:44 Blast Furnace
35:18 Conscription
35:35 Chivalry
Connection lost

Rejoining the realm…

Still unreachable

The connection could not be restored.

Session expired

The server has moved on; the page needs a fresh start.